 Dungeon Crawl Stone Soup version 0.29.1-13-g9f3cf754e1 (webtiles) character file.

Game seed: 394863580167455160

51 Iago the Caller (level 3, -2/26 HPs)
             Began as a Gnoll Summoner on Jan 30, 2023.
             Slain by a worm (4 damage)
             ... on level 2 of the Dungeon.
             The game lasted 00:12:54 (2058 turns).

Iago the Caller (Gnoll Summoner)                    Turns: 2058, Time: 00:12:55

Health: -2/26      AC:  6    Str:  7    XL:     3   Next: 83%
Magic:  9/9        EV: 17    Int: 21    God:
Gold:   114        SH:  0    Dex: 19    Spells: 3/12 levels left

rFire   x . .      SeeInvis .   b - +0 sling
rCold   . . .      Faith    .   (no shield)
rNeg    . . .      Spirit   .   k - +1 leather armour of Awe {rF- Int+5 Dex+7}
rPois   .          Reflect  .   (no helmet)
rElec   .          Harm     .   l - +0 cloak
rCorr   .          Rampage  .   j - +0 pair of gloves
Will    .....                   (no boots)
Stlth   +++.......              (no amulet)
HPRegen 0.08/turn               g - ring of wizardry
MPRegen 0.11/turn               i - +4 ring of evasion

@: no status effects
A: fangs 1, strong nose, distributed training
a: no special abilities


You were on level 2 of the Dungeon.
You visited 1 branch of the dungeon, and saw 2 of its levels.

You collected 114 gold pieces.

Inventory:

Hand Weapons
 a - a +0 dagger
 b - a +0 sling (weapon)
Armour
 j - a +0 pair of gloves (worn)
 k - the +1 leather armour of Awe (worn) {rF- Int+5 Dex+7}
   (You found it on level 2 of the Dungeon)

   Int:       It affects your intelligence (+5).
   Dex:       It affects your dexterity (+7).
   rF:        It makes you vulnerable to fire.
 l - a +0 cloak (worn)
Jewellery
 g - a ring of wizardry (left hand)
 i - a +4 ring of evasion (right hand)
Scrolls
 c - a scroll of silence {unknown}
 f - a scroll of torment {unknown}
 h - 2 scrolls of identify {unknown}
Potions
 d - a potion of brilliance {unknown}
 e - a potion of magic
 m - a potion of degeneration {unknown}


   Skills:
 + Level 1.0 Fighting
 + Level 1.0 Short Blades
 + Level 1.0 Long Blades
 + Level 1.0 Axes
 + Level 1.0 Maces & Flails
 + Level 1.0 Polearms
 + Level 1.0 Staves
 + Level 1.0 Ranged Weapons
 + Level 1.0 Throwing
 + Level 1.0 Armour
 + Level 4.6 Dodging
 + Level 4.2 Stealth
 + Level 1.0 Shields
 + Level 1.0 Unarmed Combat
 + Level 5.0 Spellcasting
 + Level 0.7 Conjurations
 + Level 0.7 Hexes
 + Level 7.1 Summonings
 + Level 0.7 Necromancy
 + Level 0.7 Translocations
 + Level 0.7 Transmutations
 + Level 0.7 Fire Magic
 + Level 0.7 Ice Magic
 + Level 0.7 Air Magic
 + Level 0.7 Earth Magic
 + Level 0.7 Poison Magic
 + Level 1.1 Invocations
 + Level 1.0 Evocations


You had 3 spell levels left.
You knew the following spells:

 Your Spells              Type           Power      Damage    Failure   Level
a - Summon Small Mammal   Summ           100%       N/A       1%          1
b - Call Imp              Summ           35%        N/A       1%          2
c - Summon Guardian Gole  Hex/Summ       21%        N/A       4%          3
d - Call Canine Familiar  Summ           35%        N/A       1%          3

Your spell library contained the following spells:

 Spells                   Type           Power      Damage    Failure   Level
 Beastly Appendage        Tmut           16%        N/A       4%          1
 Gell's Gravitas          Tloc           8%         N/A       14%         3
 Teleport Other           Tloc           8%         N/A       14%         3
 Summon Lightning Spire   Summ/Air       21%        N/A       12%         4
 Ice Form                 Ice/Tmut       8%         N/A       41%         4
 Dispersal                Tloc           4%         N/A       99%         6
 Statue Form              Tmut/Erth      5%         N/A       99%         6
 Necromutation            Tmut/Necr      4%         N/A       100%        8


Dungeon Overview and Level Annotations

Branches:
Dungeon (2/15)

Altars:


Innate Abilities, Weirdness & Mutations

You have very sharp teeth.
Your uncanny sense of smell can sniff out nearby items.
Your experience applies equally to all skills.


Message History

Done exploring.
Search for what [? for help]?
Okay, then.
You see here a +0 chain mail.
There is an escape hatch in the floor here.
You slide downwards.
The hatch slams shut behind you.
Found a scroll labelled OTUIGG HUATS.
Found an escape hatch in the floor.
You see here a +0 scimitar of electrocution.
You now have 108 gold pieces (gained 15).
Found a stone staircase leading down.
You pick up Sif Muna's Directory of Necrotic Transmigration and begin reading...
You add the spells Beastly Appendage, Ice Form, Statue Form and Necromutation to your library.
You now have 114 gold pieces (gained 6).
A worm comes into view.
A worm is nearby!
A worm is nearby!
A worm is nearby!
A worm is nearby!
You shoot a sling bullet.
The sling bullet barely misses the worm.
The worm barely misses you. The worm bites you. The worm barely misses you.
The worm bites you. The worm closely misses you. The worm misses you.
The worm bites you. The worm bites you but does no damage.
The worm closely misses you. The worm misses you. The worm bites you.
The worm bites you but does no damage. The worm bites you.
* * * LOW HITPOINT WARNING * * *
The worm bites you but does no damage. The worm completely misses you.
The worm bites you.
* * * LOW HITPOINT WARNING * * *
The worm bites you.
You die...

#.# #..# #.# #..#
#.####..######
####.............
#....####.....##.
#....# #..####
#....####..#
.#######..........#
.......w@.........#
...?..>..#........#
.........#........+
.........#........#
.........#........#
∆
..........).......#
..........######..#
..........# #..#
...######+######.)#


You could see a worm.

Vanquished Creatures
  An adder (D:2)
  A worm (D:2)
  An endoplasm (D:1)
  A giant cockroach (D:1)
  3 goblins (D:1)
  4 hobgoblins (D:1)
  A quokka (D:1)
  3 ball pythons (D:1)
  2 frilled lizards (D:1)
  A rat (D:1)
18 creatures vanquished.

Vanquished Creatures (collateral kills)
  2 giant cockroaches (D:1)
  3 goblins (D:1)
  2 hobgoblins (D:1)
  3 jackals (D:1)
  A quokka (D:1)
  3 ball pythons (D:1)
  4 rats (D:1)
18 creatures vanquished.

Grand Total: 36 creatures vanquished

Notes
Turn   | Place    | Note
-------+----------+-------------------------------------------
     0 | D:1      | Iago the Gnoll Summoner began the quest for the Orb.
     0 | D:1      | Reached XP level 1. HP: 13/13 MP: 6/6
   105 | D:1      | Reached XP level 2. HP: 7/19 MP: 5/7
   329 | D:1      | Learned a level 2 spell: Call Imp
   586 | D:1      | Reached skill level 5 in Spellcasting
   586 | D:1      | Reached XP level 3. HP: 25/25 MP: 5/9
   596 | D:1      | Learned a level 3 spell: Summon Guardian Golem
   657 | D:1      | You fall into a shaft and drop 1 floor!
   702 | D:2      | Reached skill level 1 in Invocations
   707 | D:2      | Learned a level 3 spell: Call Canine Familiar
  1298 | D:2      | Identified the +1 leather armour of Awe {rF- Int+5 Dex+7}
  1555 | D:1      | Reached skill level 1 in Fighting
  1555 | D:1      | Reached skill level 1 in Short Blades
  1555 | D:1      | Reached skill level 1 in Long Blades
  1555 | D:1      | Reached skill level 1 in Axes
  1555 | D:1      | Reached skill level 1 in Maces & Flails
  1555 | D:1      | Reached skill level 1 in Polearms
  1555 | D:1      | Reached skill level 1 in Staves
  1555 | D:1      | Reached skill level 1 in Ranged Weapons
  1555 | D:1      | Reached skill level 1 in Throwing
  1555 | D:1      | Reached skill level 1 in Armour
  1555 | D:1      | Reached skill level 1 in Shields
  1555 | D:1      | Reached skill level 1 in Unarmed Combat
  1555 | D:1      | Reached skill level 1 in Evocations
  1846 | D:1      | Found a faded altar of an unknown god.
  2018 | D:2      | Got Sif Muna's Directory of Necrotic Transmigration
  2058 | D:2      | Slain by a worm

Illustrated notes

Levels and vault maps discovered:
D:1:      spicycebolla_arrival_xxxplode, layout_loops_ring,
          hellmonk_ecumenical_altar_leap_of_faith, minmay_hexomino_c4
D:2:      layout_basic, uniq_jessica

Skill      XL: |  1  2  3 |
---------------+----------+-----
Spellcasting   | 5 |  5.0
Invocations    | 1 |  1.1
Fighting       | 1 |  1.0
Short Blades   | 1 |  1.0
Long Blades    | 1 |  1.0
Axes           | 1 |  1.0
Maces & Flails | 1 |  1.0
Polearms       | 1 |  1.0
Staves         | 1 |  1.0
Ranged Weapons | 1 |  1.0
Throwing       | 1 |  1.0
Armour         | 1 |  1.0
Shields        | 1 |  1.0
Unarmed Combat | 1 |  1.0
Evocations     | 1 |  1.0
Dodging        | |  4.6
Stealth        | |  4.2
Conjurations   | |  0.7
Hexes          | |  0.7
Summonings     | |  7.1
Necromancy     | |  0.7
Translocations | |  0.7
Transmutations | |  0.7
Fire Magic     | |  0.7
Ice Magic      | |  0.7
Air Magic      | |  0.7
Earth Magic    | |  0.7
Poison Magic   | |  0.7

Action                   || total
-------------------------++-------
Melee: Unarmed           ||    14
       Bite              ||     4
       Dagger            ||    32
 Fire: Sling             ||    35
 Cast: Summon Small Mamm ||    13
       Call Imp          ||    10
       Call Canine Famil ||     3
       Summon Guardian G ||     2
Armor: Robe              ||     3
       Ring mail         ||    12
       Leather armour    ||     9
Dodge: Dodged            ||    63
